 Dungeon Crawl Stone Soup version 0.28.0-45-g0d030f2227 (webtiles) character file.

Game seed: 17101743280271145866

464 Revguard the Stinger (level 7, -4/45 HPs)
             Began as an Octopode Venom Mage on Apr 12, 2022.
             Slain by a gnoll
             ... wielding a +0 flail
              (8 damage)
             ... on level 4 of the Dungeon.
             The game lasted 00:25:33 (4855 turns).

Revguard the Stinger (Octopode Venom Mage)          Turns: 4855, Time: 00:25:34

Health: -4/45      AC:  1    Str:  8    XL:     7   Next: 8%
Magic:  8/11       EV: 14    Int: 17    God:
Gold:   207        SH:  0    Dex: 14    Spells: 3/12 levels left

rFire   . . .      SeeInvis .   d - +0 dagger (protect)
rCold   . . .      Faith    .   (no shield)
rNeg    . . .      Spirit   .   (helmet restricted)
rPois   +          Reflect  .   (no amulet)
rElec   .          Harm     .   (no ring)
rCorr   .          Rampage  .   (no ring)
Will    .....                   (no ring)
Stlth   ++++......              (no ring)
HPRegen 0.15/turn               (no ring)
MPRegen 0.12/turn               (no ring)
                                (no ring)
                                (no ring)

@: no status effects
A: almost no armour, amphibious, 8 rings, camouflage 1, gelatinous body 1,
(nimble swimmer 1), tentacles, poison resistance, subdued magic 1
a: no special abilities


You were on level 4 of the Dungeon.
You visited 1 branch of the dungeon, and saw 4 of its levels.
You also visited: Sewer.

You collected 207 gold pieces.

Inventory:

Hand Weapons
 d - a +0 dagger of protection (weapon)
Jewellery
 g - the ring of Jinijya {Ice Str+3 Int+2}
   (You found it in a sewer)

   [ring of ice]

   It enhances your ice magic.
   Str:       It affects your strength (+3).
   Int:       It affects your intelligence (+2).
   rF:        It makes you vulnerable to fire.
   rC:        It protects you from cold.
Scrolls
 c - a scroll of teleportation
Potions
 a - 2 potions of curing
 b - 2 potions of attraction
 e - a potion of heal wounds
 h - a potion of berserk rage


   Skills:
 + Level 2.1 Fighting
 + Level 2.0 Short Blades
 + Level 2.9 Dodging
 + Level 4.5 Stealth
 * Level 3.3 Spellcasting
 + Level 1.3 Conjurations
 - Level 1.7 Transmutations
 + Level 1.1 Earth Magic
 + Level 4.6 Poison Magic
 + Level 2.0 Evocations


You had 3 spell levels left.
You knew the following spells:

 Your Spells              Type           Power      Damage    Failure   Level
a - Sting                 Tmut/Pois      40%        1d5       3%          1
b - Poisonous Vapours     Pois/Air       16%        N/A       8%          2
c - Mephitic Cloud        Conj/Pois/Air  7%         N/A       19%         3
d - Stone Arrow           Conj/Erth      10%        3d7       26%         3

Your spell library contained the following spells:

 Spells                   Type           Power      Damage    Failure   Level
 Beastly Appendage        Tmut           12%        N/A       7%          1
 Sandblast                Erth           10%        2d5       9%          1
 Wereblood                Tmut           6%         N/A       10%         2
 Passwall                 Tmut/Erth      4%         N/A       12%         2
 Spider Form              Tmut/Pois      10%        N/A       12%         3
 Olgreb's Toxic Radiance  Pois           14%        N/A       22%         4


Dungeon Overview and Level Annotations

Branches:
Dungeon (4/15)              Sewer (visited)
 Temple: D:4-7

Altars:
Elyvilon
Makhleb


Innate Abilities, Weirdness & Mutations

You cannot wear most types of armour.
You are amphibious.
You can wear up to eight rings at the same time.
Your skin changes colour to match your surroundings (Stealth+).
Your rubbery body absorbs attacks. (AC +1, EV +1)
((You are camouflaged when in or above water. (Stealth+)))
You have tentacles for arms and can constrict up to eight enemies at once.
Your system is resistant to poisons. (rPois)
Your spells are a little easier to cast, but a little less powerful.


Message History

The gnoll hits you with a +0 flail.
The gnoll shaman mumbles some strange prayers to its god.
The gnoll shaman is healed somewhat.
You see here 15 gold pieces.
The gnoll hits you with a +0 flail.
The gnoll shaman utters an invocation to its god.
The gnoll shaman is healed somewhat.
Your magical contamination has completely faded away.
The gnoll barely misses you.
The gnoll shaman looks more healthy.
The gnoll hits you with a +0 flail. The gnoll hits you with a +0 flail.
Casting: Poisonous Vapours (safe; 8% risk of failure)
Confirm with . or Enter, or press ? or * to list all spells.
Aiming: Poisonous Vapours (safe; 8% risk of failure)
Press: ? - help, Dir - move target, f - gnoll
Aim: a gnoll, wielding a +0 spear Poisonous vapours surround the gnoll!
The gnoll is poisoned.
The gnoll hits you with a +0 flail!
* * * LOW HITPOINT WARNING * * *
The gnoll barely misses you. The gnoll barely misses you.
You are no longer glowing.
The gnoll hits you with a +0 flail.
* * * LOW HITPOINT WARNING * * *
You feel much better. The gnoll barely misses you.
The gnoll hits you from afar with a +0 spear!
The gnoll shaman calls upon its god to heal the gnoll.
The gnoll's wounds heal themselves!
The gnoll closely misses you.
The gnoll looks more healthy.
The gnoll hits you with a +0 flail.
* * * LOW HITPOINT WARNING * * *
The gnoll hits you with a +0 flail!
* * * LOW HITPOINT WARNING * * *
You feel much better. The gnoll hits you with a +0 flail. The gnoll misses you.
The gnoll hits you with a +0 flail!
* * * LOW HITPOINT WARNING * * *
The gnoll hits you with a +0 flail!
* * * LOW HITPOINT WARNING * * *
The gnoll is no longer moving quickly.
The gnoll hits you with a +0 flail!
You die...

............# #.#.......#
.........######.######.##
......................>##
..........#####..########
#.#...........(..# #
#(#.#####.######.########
... #.................#
## #.#.######.######.#
#.@g.g.g.g.....#
#....#####.###.# #.....#
#.# #.# #......# #.# #.#
.....#..# #.# #.#
.####.##.# #g# #.# #
#.##.. #.# #.# #.#
..##g###†# . #.#...# #


You could see a gnoll shaman and 3 gnolls.

Vanquished Creatures
  2 bullfrogs (Sewer)
  A bullfrog skeleton (D:4)
  Natasha (twice) (D:2)
  11 adders
  A howler monkey skeleton (D:4)
  3 river rats (D:4)
  A worm (D:2)
  A dart slug (D:2)
  3 orcs
  9 ball pythons
  8 bats
  16 endoplasms
  10 giant cockroaches
  6 goblins
  5 hobgoblins
  A jackal (D:3)
  10 quokkas
  11 frilled lizards
  6 kobolds
  6 rats
113 creatures vanquished.

Notes
Turn   | Place    | Note
-------+----------+-------------------------------------------
     0 | D:1      | Revguard the Octopode Venom Mage began the quest for the
                  | Orb.
     0 | D:1      | Reached XP level 1. HP: 11/11 MP: 3/3
   547 | D:1      | Reached XP level 2. HP: 12/17 MP: 3/5
   560 | D:1      | Learned a level 2 spell: Poisonous Vapours
   716 | D:1      | Found a faded altar of an unknown god.
   843 | D:1      | Gained mutation: Your spells are a little easier to cast,
                  | but a little less powerful. [potion of mutation]
   843 | D:1      | Gained mutation: Your system is resistant to poisons.
                  | (rPois) [potion of mutation]
  1331 | D:2      | Reached XP level 3. HP: 22/22 MP: 3/6
  1379 | D:2      | Learned a level 3 spell: Mephitic Cloud
  1995 | D:2      | Noticed Natasha
  2016 | D:2      | Killed Natasha
  2017 | D:2      | Reached skill level 1 in Fighting
  2017 | D:2      | Reached XP level 4. HP: 10/28 MP: 0/7
  2229 | D:2      | Reached skill level 1 in Evocations
  2318 | D:2      | Reached skill level 1 in Short Blades
  2692 | D:2      | Noticed Natasha
  2697 | D:2      | Killed Natasha
  2698 | D:2      | Reached XP level 5. HP: 17/33 MP: 1/8
  3286 | D:3      | Learned a level 3 spell: Stone Arrow
  3604 | D:3      | Found a burning altar of Makhleb.
  3604 | D:3      | Found a white marble altar of Elyvilon.
  3890 | D:4      | Found a glowing drain.
  3913 | D:4      | Reached XP level 6. HP: 19/39 MP: 8/10
  3918 | Sewer    | Entered a sewer
  4263 | Sewer    | Reached skill level 1 in Conjurations
  4500 | Sewer    | Reached skill level 1 in Earth Magic
  4506 | Sewer    | Reached XP level 7. HP: 25/45 MP: 2/11
  4519 | Sewer    | Identified the ring of Jinijya {Ice Str+3 Int+2}
  4855 | D:4      | Slain by a gnoll

Illustrated notes

Levels and vault maps discovered:
D:1:      dpeg_arrival_circle_labyrinth_a, layout_basic,
          hellmonk_ecumenical_altar_heavens_door
D:2:      layout_basic, minmay_divided_ellipse, uniq_natasha
D:3:      layout_basic, gammafunk_temple_overflow_wave, st_stairs_10,
          grunt_decor_fettered
D:4:      layout_basic, jmf_multi_god_temple, portal_sewer_entry_a, uniq_edmund

Skill      XL: |  1  2  3  4  5  6 |
---------------+-------------------+-----
Stealth        | 3 4 |  4.5
Fighting       | 1 2 |  2.1
Poison Magic   | 4 |  4.6
Evocations     | 1 2 |  2.0
Short Blades   | 1 2 |  2.0
Conjurations   | 1 |  1.3
Spellcasting   | 3 |  3.3
Earth Magic    | 1 |  1.1
Dodging        | |  2.9
Transmutations | |  1.7

Action                   |  1- 3 |  4- 6 |  7- 9 || total
-------------------------+-------+-------+-------++-------
Melee: Unarmed           |    19 |       |       ||    19
       Constrict         |    16 |    34 |     3 ||    53
       Tentacles         |     8 |    42 |     4 ||    54
       Dagger            |    25 |   170 |    13 ||   208
       Punch             |     1 |     3 |       ||     4
 Cast: Sting             |    12 |    22 |       ||    34
       Poisonous Vapours |     6 |     8 |     2 ||    16
  Use: Potion            |     3 |     4 |     2 ||     9
       Scroll            |     2 |     2 |     1 ||     5
 Stab: Sleeping          |    11 |    23 |     3 ||    37
Armor: Skin              |     4 |    44 |     3 ||    51
Dodge: Dodged            |    43 |   111 |    22 ||   176
